 Dungeon Sprint DCSS version 0.21-a0-260-g9b2435e (webtiles) character file.

92 Kidiri the Sneak (level 4, -15/23 HPs)
             Began as a Spriggan Enchanter on Sept 7, 2017.
             Demolished by a tyrant leech (22 damage)
             ... in the Dungeon (Sprint II: "The Violet Keep of Menkaure").
             The game lasted 00:00:59 (87 turns).

Kidiri the Sneak (Spriggan Enchanter)                 Turns: 87, Time: 00:01:00

Health: -15/23     AC:  2    Str:  4    XL:     4   Next: 35%
Magic:  6/12       EV: 21    Int: 16    God:
Gold:   243        SH:  0    Dex: 17    Spells: 1/13 levels left

rFire    . . .     SeeInvis +   a - +1 dagger
rCold    . . .     Gourm    .   (shield restricted)
rNeg     . . .     Faith    .   b - +0 robe
rPois    .         Spirit   .   (helmet restricted)
rElec    .         Reflect  .   (no cloak)
rCorr    .         Harm     .   (gloves unavailable)
MR       .....     NoTele   +   (boots unavailable)
Stlth    ++++......             (no amulet)
HPRegen  0.07/turn              (no ring)
MPRegen  0.13/turn              (no ring)

@: very slightly contaminated, very quick
A: unfitting armour, see invisible, herbivore 3, speed 3, slow metabolism 2
a: no special abilities


You were in the Dungeon.
You were not hungry.

You visited 1 branch You collected 243 gold pieces.

Inventory:

Hand Weapons
 a - a +1 dagger (weapon)
Armour
 b - a +0 robe (worn)
Scrolls
 j - a scroll of blinking
Potions
 e - a potion of curing
 f - a potion of heal wounds
 g - a potion of haste
 h - 2 potions of magic
 i - a potion of berserk rage
Books
 c - a book of Maledictions

   Spells                             Type                      Level
   a - Corona                         Hexes                        1
   b - Ensorcelled Hibernation        Hexes/Ice                    2
   c - Confuse                        Hexes                        3
   d - Tukima's Dance                 Hexes                        3
   e - Dazzling Spray                 Conjuration/Hexes            3
Comestibles
 d - a bread ration


   Skills:
 + Level 1.7 Fighting
 * Level 4.0 Short Blades
 + Level 1.7 Armour
 * Level 6.0 Dodging
 * Level 7.3 Stealth
 * Level 5.1 Spellcasting
 + Level 4.7 Hexes


You had one spell level left.
You knew the following spells:

 Your Spells              Type           Power        Failure   Level  Hunger
a - Corona                Hex            ###....      2%          1    None
b - Ensorcelled Hibernat  Hex/Ice        ##....       9%          2    #......
c - Confuse               Hex            ###.....     6%          3    ###....
d - Tukima's Dance        Hex            ###.....     6%          3    ###....
e - Dazzling Spray        Conj/Hex       ##....       17%         3    ###....


Dungeon Overview and Level Annotations

Branches:
Dungeon (1/1)

Altars:


Innate Abilities, Weirdness & Mutations

You are very small and have problems with some larger weapons.
You are too small for most types of armour.
You have supernaturally acute eyesight. (SInv)
You are a herbivore.
You cover ground extremely quickly.
You need consume almost no food.


Message History

You hit the tyrant leech but do no damage.
The tyrant leech is lightly wounded.
The tyrant leech completely misses you. The tyrant leech closely misses you.
You barely miss the tyrant leech.
The tyrant leech is lightly wounded.
The tyrant leech closely misses you.
You hit the tyrant leech.
The tyrant leech is lightly wounded.
The tyrant leech is no longer blind.
The tyrant leech completely misses you.
Casting: Dazzling Spray
Confirm with . or Enter, or press ? or * to list all spells.
Aiming: Dazzling Spray
Press: ? - help, Shift-Dir - straight line, f/p - tyrant leech
Aim: a tyrant leech (severely wounded)
You miscast Dazzling Spray.
You are very lightly contaminated with residual magic.
The air around you crackles with energy!
The tyrant leech bites you!!
Ouch! That really hurt!
You die...

##+##
##.#.##
#@w#..#
##w#.# #
##'# n##
###.##.n.#
#+.<.+#
#.##.##.n.#
#3 #+# n##
# ###.### #
#%%#.†#


You could see 2 tyrant leeches.

Vanquished Creatures
  4 worker ants (D)
4 creatures vanquished.

Vanquished Creatures (others)
  A crocodile (D)
1 creature vanquished.

Grand Total: 5 creatures vanquished

Notes
Turn   | Place    | Note
-------+----------+-------------------------------------------
     0 | D        | Kidiri the Spriggan Enchanter began the quest for the Orb.
     0 | D        | Reached XP level 1. HP: 9/9 MP: 5/5
     1 | D        | Noticed a tyrant leech
     1 | D        | Noticed a tyrant leech
     4 | D        | Noticed a necrophage
     4 | D        | Noticed a necrophage
     4 | D        | Noticed a necrophage
     4 | D        | Noticed a necrophage
     7 | D        | Noticed a worker ant
     7 | D        | Noticed a worker ant
     9 | D        | Noticed a worker ant
     9 | D        | Noticed a worker ant
    10 | D        | Killed a worker ant
    10 | D        | Reached skill level 1 in Fighting
    10 | D        | Reached skill level 1 in Armour
    10 | D        | Reached skill level 5 in Stealth
    10 | D        | Reached XP level 2. HP: 14/14 MP: 5/7
    12 | D        | Reached skill level 5 in Dodging
    12 | D        | Reached skill level 6 in Stealth
    12 | D        | Reached XP level 3. HP: 18/18 MP: 5/9
    14 | D        | Reached XP level 4. HP: 22/22 MP: 5/11
    16 | D        | Reached skill level 7 in Stealth
    16 | D        | Reached skill level 5 in Spellcasting
    33 | D        | Learned a level 2 spell: Ensorcelled Hibernation
    37 | D        | Learned a level 3 spell: Confuse
    41 | D        | Learned a level 3 spell: Tukima's Dance
    45 | D        | Learned a level 3 spell: Dazzling Spray
    62 | D        | Killed a crocodile
    72 | D        | Noticed a neqoxec
    87 | D        | Demolished by a tyrant leech

Vault maps used:
D:        the_violet_keep_of_menkaure

Skill      XL: |  1  2  3  4 |
---------------+-------------+-----
Fighting       | 1 |  1.7
Short Blades   | 2 3 4 |  4.0
Armour         | 1 |  1.7
Dodging        | 4 5 6 |  6.0
Stealth        | 5 6 7 |  7.3
Spellcasting   | 3 4 5 |  5.1
Hexes          | 4 |  4.7

Action                   |  1- 3 |  4- 6 || total
-------------------------+-------+-------++-------
Melee: Dagger            |     3 |     7 ||    10
 Cast: Dazzling Spray    |       |     1 ||     1
 Stab: Sleeping          |     3 |     2 ||     5
Dodge: Dodged            |       |     8 ||     8

Table legend:
 A = Spawn XP
 B = Non-spawn XP
 C = Spawn XP percentage of total XP
 D = Spawn monster count
 E = Non-spawn monster count
 F = Spawn count percentage of total count
 G = Total turns spent on level
                    A         B        C        D         E        F      G
               +---------+---------+-------+---------+---------+-------+---------
         Total |       0 |     132 |   0.0 |       0 |       4 |   0.0 |    87
               +---------+---------+-------+---------+---------+-------+---------
             D |       0 |     132 |   0.0 |       0 |       4 |   0.0 |    87
               +---------+---------+-------+---------+---------+-------+---------
